 Dungeon Crawl Stone Soup version 0.30-a0-883-g5ad918d77d (webtiles) character file.

Game seed: 11022167721962733088

12 Newt the Shooter (level 2, -1/19 HPs)
             Began as a Kobold Hunter on Mar 15, 2023.
             Slain by a gnoll
             ... wielding a +0 flail
              (13 damage)
             ... on level 1 of the Dungeon.
             The game lasted 00:00:13 (230 turns).

Newt the Shooter (Kobold Hunter)                     Turns: 230, Time: 00:00:14

Health: -1/19      AC:  3    Str:  8    XL:     2   Next: 45%
Magic:  2/2        EV: 14    Int: 10    God:
Gold:   34         SH:  0    Dex: 18    Spells: 1/1 levels left

rFire   . . .      SeeInvis .    a - +0 shortbow
rCold   . . .      Faith    .    (shield currently unavailable)
rNeg    . . .      Spirit   .    c - +0 leather armour
rPois   .          Reflect  .    (no helmet)
rElec   .          Rampage  .    (no cloak)
rCorr   .                        (no gloves)
Will    .....                    (no boots)
Stlth   +++                      (no amulet)
HPRegen 0.23/turn                (no ring)
MPRegen 0.08/turn                (no ring)

@: no status effects
A: small, no large weapons, nightstalker 3
a: no special abilities


You were on level 1 of the Dungeon.
You visited 1 branch of the dungeon, and saw 1 of its levels.

You collected 34 gold pieces.

Inventory:

Hand Weapons
 a - a +0 shortbow (weapon)
Armour
 c - a +0 leather armour (worn)
Scrolls
 b - 2 scrolls of immolation
Potions
 d - a potion of degeneration {unknown}


   Skills:
 + Level 3.2 Fighting
 - Level 5.3 Ranged Weapons
 - Level 2.4 Dodging
 - Level 1.3 Stealth


You had one spell level left.
You didn't know any spells.
Your spell library was empty.

Dungeon Overview and Level Annotations

Branches:
Dungeon (1/15)

Altars:


Innate Abilities, Weirdness & Mutations

You are small and have problems with some larger weapons.
You are completely attuned to the shadows.


Message History

HP restored.
You now have 34 gold pieces (gained 13).
A goblin comes into view. It is wielding a +0 club.
A goblin is nearby!
You shoot an arrow. The arrow hits the goblin.
The goblin is moderately wounded.
An endoplasm comes into view.
You shoot an arrow. The arrow barely misses the goblin.
The arrow hits the endoplasm.
The endoplasm is lightly wounded.
You shoot an arrow. The arrow hits the goblin.
The goblin is severely wounded.
You hear a shout!
The goblin misses you.
You shoot an arrow. The arrow closely misses the goblin.
The arrow hits the endoplasm.
The endoplasm is heavily wounded.
The goblin barely misses you.
A gnoll comes into view. It is wielding a +0 flail.
You shoot an arrow. The arrow barely misses the goblin.
The goblin barely misses you.
There are monsters nearby!
There are monsters nearby!
You shoot an arrow. The arrow hits the goblin.
You kill the goblin!
The endoplasm freezes you.
You are frozen.
You shoot an arrow. The arrow barely misses the endoplasm.
The gnoll barely misses you. The endoplasm freezes you.
You are frozen.
The gnoll attacks as you move away! The gnoll barely misses you.
You shoot an arrow. The arrow barely misses the gnoll.
The arrow barely misses the endoplasm.
The gnoll hits you with a +0 flail.
You shoot an arrow. The arrow closely misses the gnoll.
The arrow hits the endoplasm.
You kill the endoplasm!
The gnoll hits you with a +0 flail!
Ouch! That really hurt!
You die...

#.# #.###.#.###..#
..# ............#
.......####.####.##
.#.##. #.......#
.#... ######..####
.#.## #.....#
#.###.# #.# # #@#
#g# #.# #.)...#
#.#.#.# ...#...# ..
#.# #


You could see a gnoll.

Vanquished Creatures
  A ball python (D:1)
  2 bats (D:1)
  An endoplasm (D:1)
  A giant cockroach (D:1)
  3 goblins (D:1)
  A quokka (D:1)
  2 kobolds (D:1)
  A rat (D:1)
12 creatures vanquished.

Notes
Turn   | Place    | Note
-------+----------+-------------------------------------------
     0 | D:1      | Newt the Kobold Hunter began the quest for the Orb.
     0 | D:1      | Reached XP level 1. HP: 12/12 MP: 1/1
   160 | D:1      | Reached XP level 2. HP: 18/18 MP: 2/2
   230 | D:1      | Slain by a gnoll

Illustrated notes

Levels and vault maps discovered:
D:1:      psy_arrival_radial01, layout_basic, minmay_heptomino_o4

Skill      XL: |  1  2 |
---------------+-------+-----
Fighting       | 3 |  3.2
Ranged Weapons | |  5.3
Dodging        | |  2.4
Stealth        | |  1.3

Action                     || total
---------------------------++-------
   Fire: Shortbow          ||    28
 Armour: Leather armour    ||     4
  Dodge: Dodged            ||    10

Table legend: (Time is in decaauts)
 A = Elapsed time spent in this place.
 B = Non-inter-level travel time spent in this place.
 C = Inter-level travel time spent in this place.
 D = Time resting spent in this place.
 E = Time spent auto-exploring this place.
 F = Levels seen in this place.
 G = Mean time per level.
                   A        B        C        D        E       F      G
               +--------+--------+--------+--------+--------+-----+--------+
         Total |    237 |    237 |      0 |      0 |    193 |   1 |  237.0 |
       Dungeon |    237 |    237 |      0 |      0 |    193 |   1 |  237.0 |
               +--------+--------+--------+--------+--------+-----+--------+

Top non-repeatable levels by time:
     D:1: 237 daAuts
